 Dungeon Crawl Stone Soup version bcrawl-1.39.1 (webtiles) character file.

Game seed: 6541718385698402522

218231 Finalfun the Covert (level 6, -5/34 HPs)
             Began as a Vine Stalker Archaeologist on Sept 26, 2023.
             Slain by an orc warrior
             ... wielding a cursed +0 dire flail
              (20 damage)
             ... on level 3 of the Dungeon.
             The game lasted 00:05:33 (2496 turns).

Finalfun the Covert (Vine Stalker Archaeologist)    Turns: 2496, Time: 00:05:34

Health: -5/34      AC:  6    Str: 13    XL:     6   Next: 66%
Magic:  7/7        EV: 13    Int: 14    God:
Gold:   1368       SH:  0    Dex: 15    Spells: 5/5 levels left

rFire    . . .     GDR:     27% a - +4 dagger (venom)
rCold    . . .     SeeInvis .   (no shield)
rNeg     . . .     Gourm    .   c - +1 robe
rPois    .         Faith    .   d - +1 hat
rElec    .         Spirit   .   (no cloak)
rCorr    .         Reflect  .   (no gloves)
MR       .....                  n - +1 pair of boots
Stlth    ++++......             (no amulet)
HPRegen  0.55/turn              (no ring)
MPRegen  0.10/turn              (no ring)

@: no status effects
A: fangs 3, regeneration 1, no potion heal 3, rot immunity, strong jaws
a: no special abilities


You were on level 3 of the Dungeon.
You were very hungry.

You visited 1 branch of the dungeon, and saw 4 of its levels.

You collected 1368 gold pieces.

Inventory:

Hand Weapons
 a - a +4 dagger of venom (weapon)
 l - a +0 whip
Missiles
 f - 6 curare-tipped needles
 j - 201 poisoned needles
 t - 376 stones (quivered)
 v - a throwing net {=f}
Armour
 c - a +1 robe (worn)
 d - a +1 hat (worn)
 n - a +1 pair of boots (worn)
Wands
 x - a wand of digging (6)
Scrolls
 g - a scroll of revelation
 k - 2 scrolls of remove curse {unknown}
 m - a scroll of immolation
 o - 2 scrolls of amnesia {unknown}
 u - 2 scrolls of blinking {unknown}
Potions
 b - 2 potions of haste
 h - a potion of might {unknown}
 p - a potion of cancellation {unknown}
 q - a potion of magic {unknown}
 r - a potion of agility {unknown}
 w - a potion of curing {unknown}
Comestibles
 e - 4 rations {!d}


   Skills:
 - Level 1.0 Fighting
 - Level 1.5 Maces & Flails
 - Level 3.2 Dodging
 + Level 10.1 Stealth


You had 5 spell levels left.
You didn't know any spells.
Your spell library was empty.

Dungeon Overview and Level Annotations

Branches:
Dungeon (4/12)
 Temple: D:4-7

Altars:

Annotations:
D:4 Grinder


Innate Abilities, Weirdness & Mutations

You have razor-sharp teeth.
Your natural rate of healing is unusually fast.
Potions cannot restore your health.
You are immune to rotting.
Your bites deal extra damage.


Message History

A rune on the stairs sparks and fizzles.
You climb upwards.
There is a stone staircase leading down here.
You hit the orc warrior but do no damage.
The orc warrior looks more poisoned.
You bite the orc warrior, but do no damage.
The orc warrior is moderately wounded.
The orc warrior barely misses you.
You barely miss the orc warrior.
The orc warrior is heavily wounded.
The orc warrior hits you with a cursed +0 dire flail!
You closely miss the orc warrior.
The orc warrior is heavily wounded.
The orc warrior hits you with a cursed +0 dire flail.
You are feeling very hungry.
You barely miss the orc warrior.
The orc warrior is severely wounded.
The orc warrior hits you with a cursed +0 dire flail!!
Ouch! That really hurt!
You die...

##.#.####.######.#####.#
# ##.## #........# #.# #
#># ########## #.### #
#.# #####...### #.#
#.........# ##.##
#.........# ##...####
########.........#
#.#.....#
#...>.##...<.)...#
##.#.##.#
#@.<..........^...
##.###.#
#.o...............
####..#
#......#.......... #.##
#......#.........# #.#
######.#.........# #.#
#.##.#.####.# #.#
#......(....# #.# ###
####.######## #.#####.##
#รท#


You could see an orc warrior.

Vanquished Creatures
  2 sky beasts
  A hound (D:3)
  An orc wizard (D:3)
  A hound skeleton (D:2)
  2 adders (D:2)
  2 oozes (D:1)
  3 worms
  A dart slug (D:3)
  3 leopard geckos
  6 orcs (D:3)
  3 giant cockroaches
  6 goblins
  8 hobgoblins
  4 jackals (D:2)
  9 kobolds
  3 quokkas
  A ball python (D:1)
  4 bats
  3 frilled lizards (D:1)
  7 rats
70 creatures vanquished.

Notes
Turn   | Place    | Note
-------+----------+-------------------------------------------
     0 | D:1      | Finalfun the Vine Stalker Archaeologist began the quest for
                  | the Orb.
     0 | D:1      | Reached XP level 1. HP: 11/11 MP: 2/2
    54 | D:1      | Reached skill level 1 in Fighting
    54 | D:1      | Reached skill level 1 in Maces & Flails
   139 | D:1      | Reached XP level 2. HP: 16/16 MP: 3/3
   198 | D:1      | Reached skill level 5 in Stealth
   412 | D:1      | Reached XP level 3. HP: 20/20 MP: 4/4
  1112 | D:2      | Reached skill level 6 in Stealth
  1202 | D:2      | Reached XP level 4. HP: 25/25 MP: 5/5
  1359 | D:2      | Reached skill level 7 in Stealth
  1735 | D:3      | Reached skill level 8 in Stealth
  1735 | D:3      | Reached XP level 5. HP: 29/29 MP: 6/6
  1735 | D:3      | Identified a scroll of acquirement
  1814 | D:3      | Noticed a sky beast
  1832 | D:3      | Killed a sky beast
  1833 | D:3      | Reached skill level 9 in Stealth
  1833 | D:3      | Gained mutation: You have razor-sharp teeth. [Vine Stalker
                  | growth]
  1833 | D:3      | Reached XP level 6. HP: 27/34 MP: 7/7
  2475 | D:4      | Noticed a sky beast
  2477 | D:4      | Noticed an orc warrior
  2479 | D:4      | Killed a sky beast
  2480 | D:4      | Reached skill level 10 in Stealth
  2482 | D:4      | Noticed Grinder
  2496 | D:3      | Slain by an orc warrior

Skill      XL: |  1  2  3  4  5  6 |
---------------+-------------------+-----
Fighting       | 1 |  1.0
Maces & Flails | 1 |  1.5
Stealth        | 5 6 8 9 10 | 10.1
Dodging        | |  3.2

Action                   |  1- 3 |  4- 6 || total
-------------------------+-------+-------++-------
Melee: Whip              |    25 |       ||    25
       Bite              |     5 |     7 ||    12
       Dagger            |    53 |   113 ||   166
  Use: Scroll            |     1 |     2 ||     3
 Stab: Sleeping          |     6 |     8 ||    14
  Eat: Chunk             |     3 |     5 ||     8
Armor: Robe              |    20 |    33 ||    53
Dodge: Dodged            |    53 |    92 ||   145
